 Dungeon Crawl Stone Soup version 0.24-a0-613-g1ff6aac338 (webtiles) character file.

Game seed: 3004855335204039920, levelgen mode: deterministic

722 Jorund the Chopper (level 7, -3/55 HPs)
             Began as a Demonspawn Gladiator on Sept 12, 2019.
             Was an Initiate of Okawaru.
             Slain by Prince Ribbit (6 damage)
             ... on level 5 of the Dungeon.
             The game lasted 00:08:20 (4816 turns).

Jorund the Chopper (Demonspawn Gladiator)           Turns: 4816, Time: 00:08:21

Health: -3/55      AC: 14    Str: 17      XL:     7   Next: 43%
Magic:  7/7        EV:  6    Int:  8 (9)  God:    Okawaru [......]
Gold:   202        SH:  0    Dex: 14      Spells: 6/6 levels left

rFire    + + .     SeeInvis .   a - +0 war axe
rCold    . . .     Gourm    .   (no shield)
rNeg     . . .     Faith    .   k - +2 plate armour {rF+}
rPois    .         Spirit   .   c - +0 helmet
rElec    .         Reflect  .   (no cloak)
rCorr    .         Harm     .   (no gloves)
MR       .....                  (no boots)
Stlth    ..........             (no amulet)
HPRegen  0.18/turn              (no ring)
MPRegen  0.10/turn              (no ring)

@: no status effects
A: claws 2, fire resistance 1, flame cloud immunity
a: Renounce Religion


You were on level 5 of the Dungeon.
You worshipped Okawaru.
Okawaru was noncommittal.
You were not hungry.

You visited 2 branches of the dungeon, and saw 6 of its levels.

You collected 202 gold pieces.

Inventory:

Hand Weapons
 a - a +0 war axe (weapon)
Armour
 c - a +0 helmet (worn)
 k - a +2 plate armour of fire resistance (worn)
Wands
 d - a wand of flame (15)
Scrolls
 g - a scroll of fear
 i - a scroll of remove curse {unknown}
Potions
 e - 2 potions of mutation
 h - a potion of lignification
 l - a potion of haste {unknown}
 n - a potion of magic {unknown}
 q - a potion of brilliance
Comestibles
 f - 11 rations


   Skills:
 + Level 4.3 Fighting
 + Level 6.3 Axes
 - Level 1.7 Throwing
 + Level 3.0 Armour
 - Level 2.6 Dodging


You had 6 spell levels left.
You didn't know any spells.
Your spell library contained the following spells:

 Spells                   Type           Power        Failure   Level  Hunger
 Animate Skeleton         Necr           N/A          100%        1    ##.....
 Apportation              Tloc           #.....       100%        1    ##.....
 Confusing Touch          Hex            #.....       100%        1    ##.....
 Summon Small Mammal      Summ           #...         100%        1    ##.....


Dungeon Overview and Level Annotations

Branches:
Dungeon (5/15)             Temple (1/1) D:4

Altars:
Ashenzari
Cheibriados
Dithmenos
Elyvilon
Gozag
Kikubaaqudgha
Makhleb
Okawaru
Sif Muna
Trog
Uskayaw
Vehumet
Wu Jian
Xom
Yredelemnul
Zin

Shops:
D:4 :[

Annotations:
D:5 Prince Ribbit


Innate Abilities, Weirdness & Mutations

You have very sharp fingernails.
Your flesh is heat resistant. (rF+)
You are immune to clouds of flame.


Message History

Press: ? - help, Shift-Dir - straight line, f/p - Prince Ribbit
Aim: Prince Ribbit (lightly wounded, chance to blind on hit: 22%)
You throw an atropa-tipped dart.
The atropa-tipped dart closely misses Prince Ribbit.
Throwing (i - inventory)
m - 2 atropa-tipped darts (quivered)
Press: ? - help, Shift-Dir - straight line, f/p - Prince Ribbit
Aim: Prince Ribbit (lightly wounded, chance to blind on hit: 22%)
You throw an atropa-tipped dart.
The atropa-tipped dart barely misses Prince Ribbit.
Prince Ribbit hits you.
* * * LOW HITPOINT WARNING * * *
Prince Ribbit hits you!
* * * LOW HITPOINT WARNING * * *
Throwing (i - inventory)
m - an atropa-tipped dart (quivered)
Press: ? - help, Shift-Dir - straight line, f/p - Prince Ribbit
Aim: Prince Ribbit (chance to blind on hit: 22%)
You throw an atropa-tipped dart.
The atropa-tipped dart misses Prince Ribbit.
Prince Ribbit hits you.
You die...

####### .......# .......#
.......# .......#########
......#...@F.(##
######....#####..############
.........## ##.............
######.## ############## #.#
P. #.# .. #F# ≈. #.## ## #..#
#


You could see Prince Ribbit.

Vanquished Creatures
  A sky beast (D:5)
  A necrophage (D:5)
  An ogre (D:4)
  2 scorpions (D:4)
  A howler monkey (D:2)
  A hound (D:4)
  An orc priest (D:3)
  An orc wizard (D:3)
  A centaur skeleton (D:5)
  2 worker ants (D:4)
  Terence (D:2)
  7 adders
  A dart slug (D:1)
  11 orcs
  7 bats
  3 giant cockroaches
  3 goblins (D:1)
  6 hobgoblins
  2 quokkas
  3 ball pythons
  2 frilled lizards (D:3)
  7 kobolds
  A leopard gecko skeleton (D:4)
  7 rats
73 creatures vanquished.

Notes
Turn   | Place    | Note
-------+----------+-------------------------------------------
     0 | D:1      | Jorund the Demonspawn Gladiator began the quest for the
                  | Orb.
     0 | D:1      | Reached XP level 1. HP: 16/16 MP: 1/1
   133 | D:1      | Reached skill level 3 in Axes
   245 | D:1      | Gained mutation: Your flesh is heat resistant. (rF+)
                  | [demonic ancestry]
   245 | D:1      | Reached XP level 2. HP: 22/22 MP: 2/2
   543 | D:2      | Noticed a howler monkey
   582 | D:2      | Reached XP level 3. HP: 22/28 MP: 3/3
   697 | D:2      | Reached skill level 1 in Armour
   697 | D:2      | Gained mutation: You are immune to clouds of flame.
                  | [demonic ancestry]
   697 | D:2      | Reached XP level 4. HP: 21/34 MP: 4/4
   772 | D:2      | Reached skill level 4 in Axes
   811 | D:2      | Found a burning altar of Makhleb.
  1159 | D:2      | Noticed Terence
  1176 | D:2      | Killed Terence
  1440 | D:2      | Gained mutation: You have sharp fingernails. [demonic
                  | ancestry]
  1440 | D:2      | Reached XP level 5. HP: 27/40 MP: 5/5
  2800 | D:4      | Found Nopib's Book Shop.
  2812 | D:4      | Reached skill level 5 in Axes
  2812 | D:4      | Reached XP level 6. HP: 31/47 MP: 6/6
  2998 | D:4      | Found a shimmering blue altar of Sif Muna.
  3001 | D:4      | Found a radiant altar of Vehumet.
  3004 | D:4      | Found a bloodstained altar of Trog.
  3507 | D:4      | Found a staircase to the Ecumenical Temple.
  3595 | D:4      | Found Redekeas's Antique Armour Shoppe.
  4046 | D:4      | Gained mutation: You have very sharp fingernails. [demonic
                  | ancestry]
  4046 | D:4      | Reached XP level 7. HP: 53/53 MP: 7/7
  4066 | D:4      | Found a shadowy altar of Dithmenos.
  4066 | D:4      | Found a shimmering altar of Xom.
  4147 | Temple   | Entered the Ecumenical Temple
  4270 | Temple   | Became a worshipper of Warmaster Okawaru
  4323 | D:5      | Entered Level 5 of the Dungeon
  4383 | D:5      | Reached skill level 6 in Axes
  4770 | D:5      | Noticed Prince Ribbit
  4815 | D:5      | HP: 2/55 [Prince Ribbit (13)]
  4816 | D:5      | Slain by Prince Ribbit

Levels and vault maps discovered:
D:1:      lightli_arrival_statuegarden, layout_basic
D:2:      layout_basic, bloody_makhleb, uniq_terence
D:3:      layout_loops_ring, serial_park_tiny_1
D:4:      layout_basic, gammafunk_temple_overflow_wave,
          grunt_temple_overflow_open, minmay_temple_entry_glassed_door,
          serial_shops, shop, shop
D:5:      kennysheep_steamy, layout_basic, first_ration, uniq_prince_ribbit1
Temple:   regret_index_temple_generic_petals

Skill      XL: |  1  2  3  4  5  6  7 |
---------------+----------------------+-----
Axes           | 3 4 5 6 |  6.3
Armour         | 1 2 3 |  3.0
Fighting       | 3 4 |  4.3
Throwing       | |  1.7
Dodging        | |  2.6

Action                   |  1- 3 |  4- 6 |  7- 9 || total
-------------------------+-------+-------+-------++-------
Melee: War axe           |    71 |   177 |    39 ||   287
Throw: Throwing net      |     2 |     5 |       ||     7
       Dart              |       |     8 |    15 ||    23
Evoke: Wand              |       |       |     1 ||     1
  Use: Scroll            |       |     8 |       ||     8
       Potion            |       |     2 |     1 ||     3
 Stab: Sleeping          |     1 |       |       ||     1
  Eat: Ration            |       |     1 |     1 ||     2
       Chunk             |       |     6 |       ||     6
Armor: Leather armour    |    31 |    42 |     9 ||    82
       Plate armour      |       |       |     7 ||     7
Dodge: Dodged            |    50 |   104 |    13 ||   167

Table legend:
 A = Non-vault XP
 B = Vault XP
 C = Vault XP percentage of total XP
 D = Non-vault monster count
 E = Vault monster count
 F = Vault count percentage of total count
                 A         B        C        D         E       F
            +---------+---------+-------+---------+---------+-------
      Total |     996 |      36 |   3.5 |      72 |       1 |   1.4
            +---------+---------+-------+---------+---------+-------
        D:1 |      39 |       0 |   0.0 |      23 |       0 |   0.0
        D:2 |     127 |      36 |  22.1 |       9 |       1 |  10.0
        D:3 |     130 |       0 |   0.0 |      22 |       0 |   0.0
        D:4 |     406 |       0 |   0.0 |      14 |       0 |   0.0
        D:5 |     294 |       0 |   0.0 |       4 |       0 |   0.0
            +---------+---------+-------+---------+---------+-------
